 Dungeon Crawl Stone Soup version 0.30.1-9-gdf580d7c3d (webtiles) character file.

Game seed: 18445336099570173815

651 KittyFluff the Covered (level 7, -4/44 HPs)
             Began as a Gargoyle Berserker on Oct 10, 2023.
             Was a Priest of Trog.
             Slain by Duvessa
             ... wielding a +0 rapier
              (14 damage)
             ... on level 4 of the Dungeon.
             The game lasted 00:14:15 (3104 turns).

KittyFluff the Covered (Gargoyle Berserker)         Turns: 3104, Time: 00:14:15

Health: -4/44      AC: 16    Str: 21    XL:     7   Next: 53%
Magic:  7/7        EV: 17    Int:  7    God:    Trog [***...]
Gold:   230        SH:  0    Dex: 11    Spells: 6/6 levels left

rFire   . . .        y - +3 flail
rCold   . . .        (no shield)
rNeg    + . .        A - +0 leather armour
rPois   ∞            (no helmet)
rElec   +            f - +0 cloak
rCorr   .            w - +0 pair of gloves
SInv    .            v - +0 pair of boots
Will    .....        (no amulet)
Stlth   +            e - +5 ring of evasion
HPRegen 0.27/turn    C - +4 ring of protection
MPRegen 0.10/turn

%: no passive effects
@: lit by a corona, glowing
A: sickness immunity, AC +4, negative energy resistance 1, electricity
resistance, torment resistance 1, petrification resistance
a: Renounce Religion, Berserk, Trog's Hand


You were on level 4 of the Dungeon.
You worshipped Trog.
Trog was most pleased with you.
You visited 1 branch of the dungeon, and saw 4 of its levels.
You also visited: Sewer.

You collected 230 gold pieces.

Inventory:

Hand Weapons
 a - a +0 mace
 y - a +3 flail (weapon)
Missiles
 t - 8 poisoned darts (quivered)
 u - 6 curare-tipped darts
 D - 4 javelins
Armour
 f - a +0 cloak (worn)
 v - a +0 pair of boots (worn)
 w - a +0 pair of gloves (worn)
 A - a +0 leather armour (worn)
Jewellery
 e - a +5 ring of evasion (left hand)
 p - a ring of positive energy
 r - a ring of resist corrosion
 x - a ring of flight
 C - a +4 ring of protection (right hand)
Scrolls
 b - a scroll of noise {unknown}
 c - a scroll of magic mapping {unknown}
 d - 6 scrolls of identify {unknown}
 h - 2 scrolls of blinking {unknown}
 i - 5 scrolls of teleportation {unknown}
 n - a scroll of silence {unknown}
 o - a scroll of fear {unknown}
 q - 2 scrolls of fog {unknown}
 z - a scroll of immolation {unknown}
Potions
 g - a potion of resistance {unknown}
 j - 2 potions of lignification {unknown}
 k - 2 potions of mutation {unknown}
 l - 3 potions of heal wounds {unknown}
 m - a potion of invisibility {unknown}
 s - 2 potions of curing {unknown}
 B - 3 potions of flight {unknown}


   Skills:
 + Level 4.7 Fighting
 * Level 5.4 Maces & Flails
 * Level 5.4 Armour
 + Level 3.0 Dodging


You had 6 spell levels left.
You didn't know any spells.
Your spell library was empty.

Dungeon Overview and Level Annotations

Branches:
Dungeon (4/15)              Sewer (visited)
 Temple: D:4-7

Altars:
Vehumet
Wu Jian
Zin

Annotations:
D:3 exclusion: statue
D:4 Duvessa


Innate Abilities, Weirdness & Mutations

You are immune to sickness and miasma.
Your stone body is resilient. (AC +4)
You are immune to poison.
You resist negative energy. (rN+)
You are resistant to electric shocks. (rElec)
You are resistant to unholy torment.
You are immune to petrification.


Message History

Dowan casts a spell at you. The puff of flame hits you!
Duvessa closely misses you.
You closely miss Dowan.
Dowan is heavily wounded.
Dowan hits you with a +0 dagger. Duvessa hits you with a +0 rapier.
You barely miss Dowan.
Dowan is heavily wounded.
Dowan hits you but does no damage. Duvessa misses you.
Duvessa closely misses you. Dowan misses you.
You closely miss Dowan.
Dowan is moderately wounded.
Dowan misses you.
Duvessa says, "When magic and the sword combine, nothing stands against them."
Duvessa misses you.
You hit Dowan.
Dowan is heavily wounded.
Duvessa barely misses you.
Dowan points at you and mumbles some strange words.
The puff of flame hits you but does no damage.
You sock Dowan!
You kill Dowan!
Trog accepts your kill.
Trog appreciates your killing of a magic user.
Duvessa screams in rage.
Duvessa goes berserk!
Duvessa hits you with a +0 rapier! Duvessa completely misses you.
You sock Duvessa!
Duvessa is moderately wounded.
Duvessa misses you.
You sock Duvessa!
Duvessa is heavily wounded.
Duvessa hits you but does no damage. Duvessa completely misses you.
You completely miss Duvessa.
Duvessa is heavily wounded.
Duvessa closely misses you. Duvessa hits you with a +0 rapier!
* * * LOW HITPOINT WARNING * * *
You barely miss Duvessa.
Duvessa is heavily wounded.
Duvessa hits you with a +0 rapier!
You die...

### #.## ### #..# #.#
#..## # ##.## #...###
.## ###.#.##
##.....#...##.
##..###.###.....@......#
#..#####.....###)e.....#
....##...###.####.......
######..## #... .......
# #...# #............ #
##..###.######..#.. ##
##..#..# #..# . .#
#..#.## ..#. .## #....##
#.# ..


You could see Duvessa (berserk).

Vanquished Creatures
  Pargi (Sewer)
  An ogre (D:4)
  A kobold brigand (Sewer)
  Dowan (D:4)
  A hound (D:4)
  An orc priest (D:3)
  2 orc wizards (D:3)
  An iguana (D:4)
  8 adders
  3 river rats (D:3)
  An ufetubus (D:4)
  5 worms
  3 dart slugs
  11 orcs (D:3)
  6 ball pythons
  8 endoplasms
  5 giant cockroaches
  6 goblins
  2 hobgoblins
  4 jackals
  11 kobolds
  2 quokkas (D:1)
  6 bats
  4 frilled lizards
  8 rats
102 creatures vanquished.

Notes
Turn   | Place    | Note
-------+----------+-------------------------------------------
     0 | D:1      | KittyFluff the Gargoyle Berserker began the quest for the
                  | Orb.
     0 | D:1      | Reached XP level 1. HP: 14/14 MP: 1/1
   115 | D:1      | Reached XP level 2. HP: 19/19 MP: 2/2
   345 | D:1      | Reached XP level 3. HP: 23/23 MP: 3/3
   777 | D:2      | Reached XP level 4. HP: 23/29 MP: 4/4
   824 | D:2      | Reached ** piety under Trog
  1468 | D:3      | Found a radiant altar of Vehumet.
  1468 | D:3      | Noticed a frost-covered statue
  1534 | D:3      | Reached XP level 5. HP: 16/33 MP: 5/5
  1760 | D:3      | Found a glowing drain.
  1768 | Sewer    | Entered a sewer
  1884 | Sewer    | Noticed a kobold brigand
  1904 | Sewer    | Killed a kobold brigand
  1905 | Sewer    | Reached XP level 6. HP: 29/38 MP: 6/6
  1933 | Sewer    | Noticed Pargi
  1948 | Sewer    | Killed Pargi
  2017 | D:3      | Reached *** piety under Trog
  2105 | D:3      | Identified the +9 spear of Egomania {flame, rC+ Int+5}
  2360 | D:3      | Reached skill level 5 in Maces & Flails
  2360 | D:3      | Reached XP level 7. HP: 31/44 MP: 7/7
  2692 | D:4      | Reached skill level 5 in Armour
  2813 | D:4      | Found an ornate altar of the Wu Jian Council.
  2814 | D:4      | Found a glowing silver altar of Zin.
  3085 | D:4      | Noticed Dowan
  3086 | D:4      | Noticed Duvessa
  3100 | D:4      | Killed Dowan
  3104 | D:4      | Slain by Duvessa

Illustrated notes

Levels and vault maps discovered:
D:1:      lightli_arrival_statue_moat, layout_rooms
D:2:      wad_river_or_something, layout_rooms
D:3:      cheibrodos_pilgrimage, layout_basic, vehumet_statue,
          lightli_sewer_entry_pipes
D:4:      layout_layer_cave, gammafunk_temple_overflow_pools,
          lightli_corner_chamber, uniq_duvessa

Skill      XL: |  1  2  3  4  5  6  7 |
---------------+----------------------+-----
Armour         | 3 4 5 |  5.4
Dodging        | 2 3 |  3.0
Maces & Flails | 4 5 |  5.4
Fighting       | 4 |  4.7

Action                     |  1- 3 |  4- 6 |  7- 9 || total
---------------------------+-------+-------+-------++-------
  Melee: Mace              |    99 |   208 |       ||   307
         Punch             |       |     2 |     1 ||     3
         Flail             |       |    30 |    65 ||    95
  Throw: Dart              |       |       |     1 ||     1
 Invoke: Berserk           |       |     1 |       ||     1
   Stab: Sleeping          |       |     2 |       ||     2
 Armour: Animal skin       |    21 |    64 |       ||    85
         Leather armour    |       |     3 |    24 ||    27
  Dodge: Dodged            |   100 |   238 |    76 ||   414
